Map: Acolyte LE

Players

Nerazimlet

  • Race: Protoss Protoss
  • League: Master
  • Spawn Location: 1:00

xKawaiian - Winner!

  • Race: Terran Terran
  • League: Master
  • Spawn Location: 7:00

VOD

Have the link to the VOD?

Description

Time

  • Played on: Oct. 17, 2017, 8:05 a.m.
  • Length: 18:42
Show
View Real Time Build Order
Export as new Build Order

Nerazimlet Protoss 

Build Orders: 1 Gate Expand 

Get SALT Encoding   

  12  0:04  Probe (Chrono Boost)  
  13  0:14  Pylon  
  13  0:19  Probe (Chrono Boost)  
  14  0:29  Probe (Chrono Boost)  
  14  0:35  Gateway  
  15  0:40  Probe (Chrono Boost)  
  16  0:43  Assimilator  
  16  0:50  Probe (Chrono Boost)  
  17  1:01  Probe (Chrono Boost)  
  18  1:11  Probe (Chrono Boost)  
  19  1:25  Nexus  
  19  1:35  Cybernetics Core  
  19  1:39  Probe (Chrono Boost)  
  20  1:49  Probe (Chrono Boost)  
  20  1:51  Zealot (Chrono Boost)  
  23  1:56  Assimilator  
  23  2:05  Pylon  
  23  2:23  Mothership Core (Chrono Boost)  
  24  2:33  Warp Gate  
  23  2:42  Adept, Probe (Chrono Boost)  
  26  2:47  Probe (Chrono Boost)  
  27  2:52  Probe (Chrono Boost)  
  28  2:58  Robotics Facility  
  28  3:02  Probe (Chrono Boost)  
  28  3:03  Probe (Chrono Boost)  
  30  3:13  Probe (Chrono Boost)  
  30  3:18  Probe (Chrono Boost)  
  32  3:24  Probe (Chrono Boost)  
  33  3:27  Gateway  
  33  3:29  Gateway  
  33  3:34  Pylon  
  33  3:37  Probe (Chrono Boost)  
  33  3:41  Probe (Chrono Boost)  
  35  3:47  Probe (Chrono Boost)  
  35  3:49  Observer (Chrono Boost)  
  36  4:00  Robotics Bay  
  36  4:01  Probe (Chrono Boost)  
  41  4:10  Immortal (Chrono Boost)  
  41  4:14  Probe  
  39  4:27  Probe  
  39  4:28  Probe  
  34  4:40  Stalker  
  34  4:41  Stalker  
  36  4:52  Pylon  
  35  5:08  Probe  
  36  5:17  Stalker, Probe  
  38  5:28  Probe  
  39  5:33  Stalker  
  38  5:43  Probe  
  38  5:57  Warp Prism (Chrono Boost)  
  39  6:28  Probe  
  40  6:39  Pylon  
  40  6:41  Disruptor (Chrono Boost)  
  40  6:43  Probe  
  40  7:11  Nexus  
  40  7:16  Stalker  
  40  7:19  Probe  
  43  7:32  Stalker  
  45  7:37  Disruptor (Chrono Boost)  
  45  7:39  Probe  
  49  7:49  Pylon  
  50  7:51  Probe  
  50  8:09  Sentry, Adept  
  50  8:12  Probe  
  55  8:23  Probe  
  55  8:24  Probe  
  55  8:26  Twilight Council  
  57  8:28  Observer (Chrono Boost)  
  58  8:34  Stalker, Probe  
  58  8:37  Assimilator, Probe  
  58  8:39  Assimilator  
  62  8:44  Probe  
  63  8:49  Probe  
  63  8:55  Probe  
  64  8:58  Stalker x2  
  64  9:00  Adept  
  64  9:01  Probe  
  72  9:05  Probe  
  73  9:13  Probe  
  73  9:16  Probe  
  73  9:24  Blink (Chrono Boost)  
  73  9:25  Probe  
  73  9:26  Stalker  
  73  9:27  Probe  
  77  9:35  Pylon  
  77  9:37  Probe  
  78  9:49  Gateway  
  78  9:50  Gateway  
  78  9:51  Probe  
  78  9:52  Disruptor  
  78  9:54  Stalker x2  
  86  10:16  Pylon  
  86  10:21  Pylon  
  86  10:33  Probe  
  86  10:34  Nexus, Probe  
  88  10:38  Pylon x2  
  88  10:43  Probe  
  88  10:45  Pylon  
  88  10:46  Probe  
  90  10:50  Stalker x2  
  90  10:51  Stalker  
  90  10:54  Probe  
  97  10:59  Probe  
  97  11:01  Assimilator  
  98  11:04  Probe  
  98  11:05  Assimilator  
  98  11:09  Stalker  
  98  11:11  Probe  
  96  11:21  Stalker  
  89  11:34  Mothership Core  
  89  11:36  Stalker, Probe  
  90  11:49  Probe  
  91  11:55  Probe  
  91  11:58  Disruptor  
  91  11:59  Stalker x2, Probe  
  100  12:03  Probe (Chrono Boost)  
  101  12:11  Probe (Chrono Boost)  
  101  12:12  Probe (Chrono Boost)  
  101  12:15  Probe (Chrono Boost)  
  104  12:22  Probe (Chrono Boost)  
  105  12:23  Stalker x2  
  105  12:29  Stalker x2  
  111  12:32  Probe (Chrono Boost)  
  111  12:33  Disruptor  
  111  12:39  Stalker  
  111  12:40  Probe (Chrono Boost)  
  112  12:47  Pylon  
  112  12:50  Pylon  
  112  12:52  Stalker x2  
  116  12:59  Charge  
  116  13:00  Pylon  
  116  13:06  Stalker x2  
  116  13:09  Disruptor  
  115  13:14  Stalker  
  115  13:15  Stalker  
  115  13:17  Probe (Chrono Boost)  
  115  13:18  Probe (Chrono Boost)  
  117  13:30  Stalker x3  
  122  13:38  Probe (Chrono Boost)  
  123  13:45  Disruptor  
  123  13:47  Stalker x2  
  130  13:52  Probe (Chrono Boost)  
  127  13:56  Stalker x2  
  123  14:24  Disruptor  
  121  14:26  Probe (Chrono Boost)  
  125  14:32  Stalker  
  127  14:50  Nexus  
  127  14:59  Stalker  
  127  15:00  Probe (Chrono Boost)  
  127  15:05  Probe (Chrono Boost)  
  127  15:11  Probe (Chrono Boost)  
  126  15:14  Stalker x3  
  126  15:15  Probe (Chrono Boost)  
  121  15:36  Stalker x2  
  121  15:39  Disruptor  
  121  15:41  Stalker  
  102  16:05  Probe x2 (Chrono Boost)  
  102  16:06  Stalker x2  
  94  16:14  Zealot  
  94  16:15  Probe x2 (Chrono Boost)  
  96  16:21  Pylon  
  96  16:26  Probe (Chrono Boost)  
  97  16:37  Templar Archives  
  97  16:38  Pylon  
  97  16:39  Stalker x2  
  101  16:40  Stalker  
  101  16:41  Probe (Chrono Boost)  
  101  16:42  Pylon  
  102  16:57  Disruptor  
  102  17:00  Stalker x2  
  103  17:12  Stalker x2  
  95  17:33  Disruptor  
  95  17:35  Stalker  
  91  17:50  Stalker  
  73  18:05  Stalker  
Show
View Real Time Build Order
Export as new Build Order

xKawaiian Terran - Winner!

Build Orders: Cyclone Opening 

Get SALT Encoding   

  12  0:00  SCV  
  13  0:13  SCV  
  14  0:18  Supply Depot  
  14  0:25  SCV  
  15  0:40  SCV  
  16  0:44  Barracks  
  16  0:47  Refinery  
  16  0:52  SCV  
  17  1:04  SCV  
  18  1:14  Refinery  
  18  1:16  SCV  
  19  1:31  Orbital Command, Reaper  
  20  1:42  Supply Depot  
  20  1:50  Supply Depot  
  20  1:54  Factory  
  20  1:58  SCV  
  21  2:10  SCV  
  21  2:15  Barracks Reactor  
  22  2:29  SCV  
  23  2:40  Starport  
  23  2:41  SCV  
  24  2:55  SCV  
  25  2:59  Cyclone x2  
  25  3:02  Supply Depot  
  31  3:08  SCV  
  32  3:19  Medivac  
  34  3:20  Marine  
  34  3:22  SCV  
  36  3:32  Widow Mine x2  
  40  3:34  SCV  
  40  3:37  Liberator  
  41  3:46  Marine  
  41  3:48  SCV  
  45  4:00  Command Center, SCV  
  45  4:12  SCV  
  45  4:14  Supply Depot  
  46  4:24  SCV  
  46  4:30  Liberator  
  47  4:36  SCV, Cyclone  
  51  4:48  SCV  
  55  4:53  Supply Depot x2  
  55  4:55  Barracks  
  56  5:07  SCV  
  56  5:09  Barracks  
  56  5:12  Widow Mine  
  56  5:13  Widow Mine  
  60  5:19  SCV  
  61  5:24  SCV  
  62  5:31  SCV  
  63  5:44  Cyclone x2  
  66  5:52  SCV, Barracks Tech Lab  
  66  5:56  Orbital Command  
  67  6:08  Starport Tech Lab  
  67  6:09  SCV  
  67  6:10  Barracks Reactor x2  
  63  6:16  Widow Mine x2  
  65  6:21  SCV  
  66  6:31  Refinery x2, Barracks  
  66  6:32  Supply Depot, Barracks  
  66  6:33  SCV x2  
  66  6:35  Marine  
  67  6:45  SCV  
  68  6:48  Marine, Engineering Bay  
  68  6:49  Marine, Engineering Bay  
  68  6:51  SCV  
  71  6:59  SCV  
  72  7:05  SCV  
  72  7:08  Supply Depot  
  73  7:09  Stimpack, Marine x4  
  73  7:10  Marine  
  73  7:11  SCV  
  79  7:17  SCV  
  72  7:23  SCV  
  72  7:24  Barracks Reactor, Barracks Tech Lab  
  72  7:27  Marine, Terran Infantry Armor Level 1, Terran Infantry Weapons Level 1  
  74  7:30  Marine, Marauder  
  74  7:33  Missile Turret  
  74  7:35  Missile Turret  
  76  7:45  Bunker  
  76  7:46  Marine x3, Marauder  
  76  7:48  Marine  
  82  7:51  Supply Depot  
  79  8:06  Starport Reactor  
  79  8:08  Marine, Marauder  
  83  8:12  SCV  
  83  8:14  Factory Reactor  
  83  8:17  Command Center  
  83  8:21  Medivac  
  83  8:22  Marine, Medivac, Marauder, Barracks Tech Lab  
  83  8:25  Supply Depot  
  83  8:26  Combat Shields  
  90  8:36  Liberator  
  90  8:37  Liberator  
  90  8:41  Marine, Missile Turret  
  90  8:42  Concussive Shells, Marauder  
  90  8:43  Marine  
  90  8:44  Marauder  
  90  8:45  Marine  
  103  9:00  Marine, Marauder  
  106  9:06  Marine x2, Marauder  
  110  9:11  Marine, Marauder  
  112  9:26  Marine  
  112  9:28  Command Center  
  113  9:34  Marine x2, Marauder  
  117  9:45  Marine x2, Marauder  
  120  9:46  Marauder  
  120  9:51  Marine  
  124  9:56  Marauder  
  126  10:02  Marine, Orbital Command  
  126  10:06  Armory  
  126  10:07  Marauder  
  126  10:15  SCV x2  
  128  10:25  Medivac  
  128  10:26  Medivac  
  132  10:31  Marine  
  132  10:32  SCV  
  132  10:34  Widow Mine x2  
  138  10:42  Sensor Tower  
  138  10:45  Orbital Command  
  138  10:50  SCV  
  138  10:55  Missile Turret  
  138  10:56  Missile Turret  
  139  10:59  Marine  
  139  11:00  Sensor Tower  
  139  11:02  Marine  
  141  11:07  Refinery  
  135  11:20  Marine x2  
  135  11:21  Marauder x2  
  135  11:22  Marine x2  
  135  11:23  Marauder  
  141  11:38  Marine x2  
  138  11:42  Marauder  
  138  11:44  Marine, Marauder  
  138  11:46  Medivac x2  
  143  11:47  Marine  
  143  11:48  Marauder  
  143  11:49  Refinery  
  145  11:56  Marine  
  145  11:57  Marine  
  147  12:02  Marine  
  147  12:04  Marauder  
  147  12:05  Marine  
  147  12:06  SCV, Marauder  
  154  12:11  Missile Turret  
  154  12:13  Supply Depot x2  
  154  12:14  Marine, Terran Infantry Weapons Level 2, Supply Depot  
  154  12:15  Terran Infantry Armor Level 2, Supply Depot  
  155  12:22  Marine, Marauder  
  155  12:29  Marine x2, Marauder  
  149  12:30  Marauder  
  149  12:31  Marine  
  149  12:39  Medivac x2  
  149  12:40  Marine  
  149  12:44  Marauder  
  156  12:47  Marine x2  
  156  12:51  Marauder x2  
  162  12:53  SCV  
  162  12:54  Starport  
  162  12:56  Fusion Core  
  163  12:59  Planetary Fortress  
  163  13:02  Missile Turret x2  
  163  13:04  Marine  
  163  13:05  Marauder  
  163  13:11  Marine  
  163  13:12  Marine x2, Marauder x2  
  152  13:13  Widow Mine  
  152  13:17  Liberator  
  152  13:18  Liberator  
  154  13:22  Marine  
  154  13:27  Marauder  
  146  13:29  Marine x2  
  144  13:36  Starport Tech Lab  
  144  13:39  Marine  
  144  13:40  Marine, Marauder x2  
  153  13:46  Terran Ship Weapons Level 1  
  153  13:47  Marine x2  
  153  13:48  Supply Depot, Marauder  
  157  13:57  Marine x2  
  157  14:01  Barracks, Marauder  
  157  14:02  Refinery, Marauder, Barracks  
  149  14:05  Marine x2  
  149  14:06  Refinery  
  149  14:09  Medivac, Marauder  
  149  14:12  Advanced Ballistics  
  149  14:14  Widow Mine  
  148  14:17  Medivac  
  148  14:21  Marine  
  148  14:23  Marine, Marauder  
  148  14:24  Marauder  
  142  14:25  Medivac  
  142  14:29  SCV x2  
  145  14:31  SCV  
  145  14:38  Marine  
  145  14:39  Medivac  
  145  14:41  SCV x2  
  145  14:43  SCV  
  145  14:45  Marine x3  
  151  14:46  Marauder x2  
  151  14:47  Marine, Widow Mine  
  161  14:56  Marine x2  
  161  14:57  Barracks Tech Lab  
  161  14:59  SCV x3  
  166  15:02  Orbital Command  
  166  15:05  Marauder  
  168  15:07  Marauder  
  168  15:09  Marine x2, Marauder  
  172  15:27  Marauder  
  172  15:28  Marine x3, Marauder  
  161  15:29  Marauder  
  161  15:30  Barracks Reactor  
  161  15:31  Marauder  
  150  15:41  Widow Mine x2  
  150  15:42  Marine, Medivac x3  
  155  15:45  SCV x2  
  155  15:46  Marine x3  
  155  15:48  Marauder  
  161  15:50  Marauder x2  
  161  15:52  Marauder  
  156  16:00  Marine  
  156  16:03  Marine  
  156  16:04  Marine x2  
  158  16:08  Marine x2  
  158  16:10  Widow Mine x2, Marauder  
  168  16:11  Marauder x2  
  168  16:13  Marauder  
  168  16:18  Marine  
  165  16:19  SCV x2  
  165  16:21  Marine x2, SCV x2  
  165  16:22  Marine  
  171  16:26  Marine x2  
  171  16:27  Liberator x2  
  171  16:31  Marauder  
  171  16:32  Marine  
  176  16:33  Marauder  
  176  16:35  Marauder  
  176  16:36  Marine  
  176  16:38  Widow Mine x2  
  176  16:39  Marine x3  
  185  16:44  Liberator  
  192  16:51  Marauder  
  192  16:52  Marauder  
  187  17:00  Marine  
  187  17:01  Marine, Marauder  
  189  17:02  Marauder  
  189  17:03  Marine  
  189  17:05  Supply Depot  
  196  17:10  Liberator x2  
  196  17:12  Marauder  
  196  17:14  Marauder  
  183  17:20  Marine x3  
  183  17:22  Widow Mine, Marauder  
  185  17:23  Marauder  
  185  17:27  Liberator  
  185  17:29  Marine x3  
  196  17:33  Marauder  
  196  17:35  Marauder  
  189  17:45  Marauder  
  189  17:46  Marine x2, Marauder  
  189  17:47  Marine x2  
  200  17:58  Marauder  
  200  18:00  Supply Depot  
Tags
 
Add a new tag
Caveats
  • Supply blocks, unpowered buildings, or Contaminate may cause inaccurate times.
  • Supply counts are checked every 10 seconds.